 Dungeon Crawl Stone Soup version 0.31-a0-876-gfe8ebadbca (webtiles) character file.

Game seed: 10082163759881023500

5961 Ahpoh the Carver (level 10, -1/76 HPs)
             Began as a Demonspawn Gladiator on Oct 13, 2023.
             Was a Believer of Wu Jian.
             Shot with a sling bullet by Joseph (12 damage)
             ... on level 10 of the Dungeon.
             The game lasted 00:39:43 (10628 turns).

Ahpoh the Carver (Demonspawn Gladiator)            Turns: 10628, Time: 00:39:44

Health: -1/76      AC: 19    Str: 14    XL:     10   Next: 54%
Magic:  10/10      EV: 12    Int: 11    God:    Wu Jian [**....]
Gold:   516        SH:  0    Dex: 24    Spells: 9/9 levels left

rFire   . . .        a - +0 long sword (chaos)
rCold   . . .        (no shield)
rNeg    + . .        n - +0 scale mail
rPois   .            c - +0 helmet
rElec   .            f - +2 cloak
rCorr   +            C - +0 pair of gloves
SInv    .            v - +0 pair of boots
Will    .....        (no amulet)
Stlth   +            l - ring of positive energy
HPRegen 0.32/turn    H - +6 ring of dexterity
MPRegen 0.24/turn

%: no passive effects
@: slowed, very slow
A: hooves 1, yellow scales 3, spiny 2, magic regeneration
a: Renounce Religion, Wall Jump


You were on level 10 of the Dungeon.
You worshipped Wu Jian.
Wu Jian was pleased with you.
You visited 2 branches of the dungeon, and saw 11 of its levels.
You also visited: Bailey.

You collected 516 gold pieces.

Inventory:

Hand Weapons
 a - a +0 long sword of chaos (weapon)
 D - a +0 orcbow
 P - a +4 spear
Missiles
 e - a javelin
 w - 13 poisoned darts
 J - 13 boomerangs (quivered)
Armour
 c - a +0 helmet (worn)
 f - a +2 cloak (worn)
 n - a +0 scale mail (worn)
 v - a +0 pair of boots (worn)
 C - a +0 pair of gloves (worn)
Jewellery
 l - a ring of positive energy (left hand)
 m - a ring of fire
 H - a +6 ring of dexterity (right hand)
Wands
 j - a wand of acid (5)
 o - a wand of roots (23)
 r - a wand of flame (67)
 E - a wand of paralysis (5)
 Q - a wand of digging (6)
Scrolls
 d - 3 scrolls of noise
 k - 2 scrolls of torment
 p - a scroll of poison
 y - a scroll of immolation
 F - 2 scrolls of amnesia
 K - 4 scrolls of enchant armour
 N - 6 scrolls of enchant weapon
 O - a scroll of acquirement
Potions
 b - 3 potions of ambrosia
 g - 2 potions of curing {unknown}
 h - a potion of heal wounds
 i - a potion of enlightenment {unknown}
 q - 4 potions of brilliance
 s - 3 potions of attraction
 t - 2 potions of mutation {unknown}
 u - a potion of cancellation {unknown}
 x - 5 potions of might {unknown}
 z - a potion of invisibility {unknown}
 A - a potion of lignification {unknown}
 G - a potion of berserk rage {unknown}
 I - 2 potions of magic {unknown}
 L - a potion of resistance {unknown}
 M - a potion of experience {unknown}


   Skills:
 + Level 6.1 Fighting
 + Level 9.6 Long Blades
 + Level 5.0 Throwing
 + Level 6.9 Armour
 + Level 5.1 Dodging
 + Level 2.7 Stealth
 + Level 1.2 Evocations


You had 9 spell levels left.
You didn't know any spells.
Your spell library contained the following spells:

 Spells                   Type           Power      Damage    Failure   Level
 Apportation              Tloc           0%         N/A       77%         1
 Jinxbite                 Hex            0%         N/A       88%         2
 Inner Flame              Hex/Fire       0%         N/A       98%         3
 Tukima's Dance           Hex            0%         N/A       98%         3
 Brom's Barrelling Bould  Conj/Erth      0%         2d3       100%        4
 Flame Wave               Conj/Fire      0%         2d4       100%        4
 Manifold Assault         Tloc           0%         N/A       100%        4
 Passage of Golubria      Tloc           0%         N/A       100%        4
 Sticky Flame             Conj/Fire      0%         2d3       100%        4
 Alistair's Intoxication  Tmut/Pois      0%         N/A       100%        5
 Fireball                 Conj/Fire      0%         3d3       100%        5
 Iskenderun's Battlesphe  Conj           0%         2d6       100%        5
 Yara's Violent Unravell  Hex/Tmut       0%         3d3       100%        5
 Conjure Ball Lightning   Conj/Air       0%         3x3d6     100%        6
 Dispersal                Tloc           0%         N/A       100%        6
 Orb of Destruction       Conj           0%         9d5       100%        7
 Disjunction              Tloc           0%         N/A       100%        8


Dungeon Overview and Level Annotations

Branches:
Dungeon (10/15)            Temple (1/1) D:7          Bailey (visited)
   Lair: D:8-11         Orc: D:9-12

Altars:
Ashenzari
Cheibriados
Dithmenos
Fedhas
Gozag
Hepliaklqana
Kikubaaqudgha
Makhleb
Nemelex Xobeh
Ru
Sif Muna
Trog
Uskayaw
Vehumet
Wu Jian
Xom
Yredelemnul

Shops:
D:8 *

Annotations:
D:4 3 runed translucent doors, Cadnt's ghost, amateur MfSh
D:10 Joseph; Maggie; Nergalle; Snorg


Innate Abilities, Weirdness & Mutations

You have large cloven feet.
You are completely covered in yellow scales. (AC +4, rCorr)
You are mostly covered in sharp spines.
You regenerate magic rapidly.


Message History

You feel very sick.
The kobold brigand is struck by your spines.
The kobold brigand closely misses you.
The kobold brigand is struck by your spines.
The kobold brigand hits you but does no damage.
You slash the kobold brigand! You freeze the kobold brigand.
You kill the kobold brigand!
The Council accepts your kill.
You feel sick.
A white ugly thing comes into view.
A kobold comes into view. It is wielding a +0 short sword.
You feel sick.
The kobold shouts!
You feel sick.
As you read the scroll of teleportation, it crumbles to dust.
You feel strangely unstable.
You feel sick.
The white ugly thing bites you but does no damage.
You feel sick.
You are no longer poisoned.
The white ugly thing is struck by your spines.
The white ugly thing bites you. The white ugly thing freezes you!!
* * * LOW HITPOINT WARNING * * *
Your surroundings suddenly seem different.
Snorg and Maggie come into view.
Maggie is wielding a +1 halberd of draining.
Found 6 boomerangs.
As you read the scroll of teleportation, it crumbles to dust.
You feel strangely unstable.
Maggie shouts!
You hear a roar!
Maggie barely misses you. x2
An acid dragon comes into view.
You hear a shout!
Your surroundings suddenly seem different.
Nergalle the Soulbinder comes into view.
She is wielding a +0 dagger of speed and wearing a +2 robe of fire resistance.
Nergalle shouts!
Joseph shouts!
Joseph shoots a sling bullet.
The sling bullet hits you!
* * * LOW HITPOINT WARNING * * *
Joseph shoots a sling bullet.
The sling bullet hits you!
You die...

##........ #K
#..#.#...........≈.# #####.
...T...# .T.@......≈.### ......
.@##...............≈.... ≈≈≈≈≈≈
.D ##........#.....≈≈≈≈≈≈≈≈......
. ..#.#...................#.## .
..####.##.................# ...
#.###................ #
.....##.###o##.T@.^..........# #
.....#....#..#..#............# ##
.......<.....o...............###.
#............#.................#)
#..............#....####......)..
.......>.....#.##...# #.........
.........##.##......###..........
#..).................#..........
###>.≈≈~≈≈......................


You could see Snorg, Joseph, Nergalle and a troll.

Vanquished Creatures
  Pikel (D:9)
  Maurice (D:9)
  Prince Ribbit (D:5)
  A hornet (shapeshifter) (D:9)
  2 wyverns
  A steam dragon (D:7)
  An acid dragon (D:10)
  12 orc warriors
  A black bear (D:5)
  2 ogres
  2 centaurs (D:10)
  4 phantoms
  A lemure (D:9)
  A kobold brigand (D:10)
  3 bullfrogs
  3 scorpions
  3 wights (D:7)
  14 killer bees
  A howler monkey (D:6)
  An electric eel (D:10)
  2 hounds
  3 jellies
  7 orc priests
  4 gnoll boudas
  A sleepcap (D:6)
  2 iguanas
  7 orc wizards
  10 gnolls
  7 adders
  5 shadow imps
  A white imp (D:5)
  2 worms (D:2)
  52 orcs
  4 bats
  10 endoplasms
  3 giant cockroaches (D:1)
  8 goblins
  8 hobgoblins
  11 jackals
  2 quokkas
  5 ball pythons
  A frilled lizard (D:1)
  7 kobolds
  2 rats
220 creatures vanquished.

Notes
Turn   | Place    | Note
-------+----------+-------------------------------------------
     0 | D:1      | Ahpoh the Demonspawn Gladiator began the quest for the Orb.
     0 | D:1      | Reached XP level 1. HP: 16/16 MP: 1/1
   128 | D:1      | Gained mutation: You are partially covered in sharp spines.
                  | [demonic ancestry]
   128 | D:1      | Reached XP level 2. HP: 6/22 MP: 2/2
   647 | D:1      | Reached skill level 3 in Long Blades
  1153 | D:2      | Reached XP level 3. HP: 22/27 MP: 3/3
  1328 | D:2      | You fall into a shaft and drop 2 floors!
  1348 | D:4      | Found a runed translucent gate.
  1349 | D:4      | Found a runed translucent gate.
  1356 | D:4      | Gained mutation: You are partially covered in yellow
                  | scales. (AC +2) [demonic ancestry]
  1356 | D:4      | Reached XP level 4. HP: 31/34 MP: 4/4
  1888 | D:3      | Noticed a scorpion
  1895 | D:3      | Killed a scorpion
  1896 | D:3      | Reached skill level 4 in Long Blades
  1896 | D:3      | Reached skill level 1 in Armour
  1896 | D:3      | Reached XP level 5. HP: 39/39 MP: 5/5
  2968 | D:4      | Noticed Cadnt's ghost (amateur MfSh)
  2969 | D:4      | Found a runed translucent gate.
  2974 | D:4      | Reached skill level 1 in Stealth
  3688 | D:5      | Entered Level 5 of the Dungeon
  3688 | D:5      | Noticed a phantom
  3705 | D:5      | Killed a phantom
  3706 | D:5      | Gained mutation: You have large cloven feet. [demonic
                  | ancestry]
  3706 | D:5      | Reached XP level 6. HP: 43/46 MP: 6/6
  3741 | D:5      | Noticed Prince Ribbit
  3774 | D:5      | Killed Prince Ribbit
  3775 | D:5      | Reached skill level 5 in Long Blades
  3775 | D:5      | Gained mutation: You are mostly covered in sharp spines.
                  | [demonic ancestry]
  3775 | D:5      | Reached XP level 7. HP: 15/52 MP: 7/7
  4292 | D:5      | Reached skill level 6 in Long Blades
  4541 | D:6      | Gained mutation: You are mostly covered in yellow scales.
                  | (AC +3) [demonic ancestry]
  4541 | D:6      | Reached XP level 8. HP: 58/58 MP: 8/8
  5490 | D:6      | Reached skill level 7 in Long Blades
  6277 | D:7      | Gained mutation: You are completely covered in yellow
                  | scales. (AC +4, rCorr) [demonic ancestry]
  6277 | D:7      | Reached XP level 9. HP: 66/66 MP: 9/9
  6345 | D:7      | Reached skill level 5 in Armour
  6804 | D:7      | Found a staircase to the Ecumenical Temple.
  6860 | Temple   | Entered the Ecumenical Temple
  6868 | Temple   | Became a worshipper of the Wu Jian Council
  7175 | D:8      | Reached skill level 5 in Fighting
  7175 | D:8      | Reached skill level 8 in Long Blades
  7607 | D:8      | Found Neinat's Assorted Antiques.
  7615 | D:8      | Reached * piety under Wu Jian
  8100 | D:9      | Noticed Pikel
  8117 | D:9      | Killed Pikel
  8118 | D:9      | Reached skill level 9 in Long Blades
  8118 | D:9      | Gained mutation: You regenerate magic rapidly. [demonic
                  | ancestry]
  8118 | D:9      | Reached XP level 10. HP: 73/74 MP: 10/10
  8551 | D:9      | Noticed Maurice
  8552 | D:9      | Paralysed by Maurice for 4 turns
  8573 | D:9      | Paralysed by Maurice for 3 turns
  8589 | D:9      | Killed Maurice
  8998 | D:9      | Found a sacrificial altar of Ru.
  9436 | D:10     | Entered Level 10 of the Dungeon
  9436 | D:10     | Noticed Joseph
  9491 | D:10     | Found a flagged portal.
  9520 | Bailey   | Entered a bailey
  9589 | Bailey   | Reached skill level 5 in Dodging
  9602 | Bailey   | Reached skill level 1 in Evocations
 10505 | D:10     | Reached ** piety under Wu Jian
 10521 | D:10     | Reached skill level 5 in Throwing
 10616 | D:10     | Noticed a white ugly thing
 10621 | D:10     | Noticed Snorg
 10621 | D:10     | Noticed Maggie
 10623 | D:10     | Noticed Nergalle
 10628 | D:10     | Shot with a sling bullet by Joseph

Illustrated notes

Levels and vault maps discovered:
D:1:      nicolae_arrival_memento_mori, layout_loops_ring
D:2:      layout_basic, skrybe_limestone_x, chequers_serial_rivers_micro_b,
          kennysheep_another_room, minmay_hedge_maze,
          hangedman_decor_peaks_small
D:3:      layout_loops_corners, corner_web_ring, minmay_misc_feat_iff,
          minivault_24
D:4:      layout_rooms, gammafunk_ghost_nasty_kobolds, minmay_bent
D:5:      layout_rooms, kennysheep_generic_room_16, uniq_prince_ribbit1
D:6:      layout_basic, roderic_lattice_a
D:7:      layout_loops_corners, lemuel_temple_firewalk_a
D:8:      layout_basic, serial_shops, shop_fountains
D:9:      layout_layer_cave, general_overflow_altar, supply_closet_lemuel,
          chequers_serial_rivers_micro_a, uniq_pikel, uniq_maurice
D:10:     layout_cave_pools, nicolae_overflow_squiral, david_lair_shrubbed,
          enter_bailey_5, minmay_checkerbox, uniq_snorg, uniq_maggie,
          uniq_joseph, uniq_nergalle
Temple:   nicolae_temple_bog_church

Skill      XL: |  1  2  3  4  5  6  7  8  9 10 |
---------------+-------------------------------+-----
Throwing       | 2 3 4 5 |  5.0
Dodging        | 3 4 5 |  5.1
Long Blades    | 3 4 5 6 7 9 |  9.6
Armour         | 1 2 3 4 6 |  6.9
Stealth        | 1 2 |  2.7
Fighting       | 3 4 5 6 |  6.1
Evocations     | 1 |  1.2

Action                     |  1- 3 |  4- 6 |  7- 9 | 10-12 || total
---------------------------+-------+-------+-------+-------++-------
  Melee: Long sword        |    77 |   148 |   284 |    73 ||   582
         Punch             |     1 |       |     3 |       ||     4
  Throw: Throwing net      |       |     4 |     5 |       ||     9
         Dart              |       |    13 |    24 |    15 ||    52
         Boomerang         |       |       |       |    27 ||    27
         Javelin           |       |       |       |     1 ||     1
Ability: Lunge             |       |       |     6 |    22 ||    28
         Whirlwind         |       |       |       |     1 ||     1
  Evoke: Wand              |       |     1 |     1 |    11 ||    13
    Use: Scroll            |       |     6 |     3 |    10 ||    19
         Potion            |       |       |     2 |     2 ||     4
   Stab: Held in net/web   |       |     2 |       |       ||     2
 Armour: Leather armour    |    44 |     3 |       |       ||    47
         Scale mail        |       |    55 |   184 |   100 ||   339
  Dodge: Dodged            |    51 |    38 |   141 |    64 ||   294

Table legend: (Time is in decaauts)
 A = Elapsed time spent in this place.
 B = Non-inter-level travel time spent in this place.
 C = Inter-level travel time spent in this place.
 D = Time resting spent in this place.
 E = Time spent auto-exploring this place.
 F = Levels seen in this place.
 G = Mean time per level.
                   A        B        C        D        E       F      G
               +--------+--------+--------+--------+--------+-----+--------+
         Total |  10658 |  10259 |    399 |   1501 |   5984 |  12 |  888.2 |
       Dungeon |   9715 |   9316 |    399 |    970 |   5984 |  10 |  971.5 |
        Temple |     16 |     16 |      0 |      0 |      0 |   1 |   16.0 |
        Bailey |    926 |    926 |      0 |    531 |      0 |   1 |  926.0 |
               +--------+--------+--------+--------+--------+-----+--------+

Top non-repeatable levels by time:
     D:9: 1455 daAuts
     D:7: 1245 daAuts
     D:2: 1131 daAuts
     D:6: 1042 daAuts
     D:5: 1025 daAuts
     D:8: 980 daAuts
     D:1: 969 daAuts
  Bailey: 926 daAuts
     D:3: 887 daAuts
     D:4: 746 daAuts
    D:10: 231 daAuts
  Temple: 16 daAuts
